 Dungeon Crawl Stone Soup version 0.21.1-1-g345015f (webtiles) character file.

159 Spoonicorn the Skirmisher (level 5, -2/85 HPs)
             Began as an Ogre Berserker on Mar 9, 2018.
             Was a Believer of Trog.
             Slain by a hound (4 damage)
             ... on level 4 of the Dungeon.
             The game lasted 00:07:08 (2305 turns).

Spoonicorn the Skirmisher (Ogre Berserker)          Turns: 2305, Time: 00:07:09

Health: -2/85      AC:  3    Str: 27    XL:     5   Next: 40%
Magic:  5/5        EV: 10    Int: 10    God:    Trog [**....]
Gold:   165        SH:  0    Dex:  8    Spells: 4/4 levels left

rFire    . . .     SeeInvis .   a - +1 mace
rCold    . . .     Gourm    .   (no shield)
rNeg     . . .     Faith    +   b - +0 animal skin
rPois    .         Spirit   .   (helmet restricted)
rElec    .         Reflect  .   (no cloak)
rCorr    .         Harm     .   (gloves unavailable)
MR       .....                  (boots unavailable)
Stlth    ..........             i - amulet of faith
HPRegen  0.24/turn              n - +2 ring of intelligence
MPRegen  0.09/turn              (no ring)

@: berserking, very quick
A: large, unfitting armour, tough skin 1
a: Berserk, Trog's Hand, Burn Spellbooks, Renounce Religion


You were on level 4 of the Dungeon.
You worshipped Trog.
Trog was pleased with you.
You were very hungry.

You visited 1 branch of the dungeon, and saw 4 of its levels.

You collected 165 gold pieces.

Inventory:

Hand Weapons
 a - a +1 mace (weapon)
Armour
 b - a +0 animal skin (worn)
Jewellery
 i - an amulet of faith (around neck)
 l - a cursed amulet of inaccuracy {unknown}
 n - a +2 ring of intelligence (left hand)
Scrolls
 f - 3 scrolls of remove curse
 k - 3 scrolls of teleportation
 o - a scroll of magic mapping
 s - 2 scrolls of identify {unknown}
Potions
 d - 5 potions of curing
 e - 5 potions of lignification {unknown}
 g - a potion of degeneration {unknown}
 h - a potion of cancellation {unknown}
 j - a potion of heal wounds {unknown}
 p - a potion of resistance {unknown}
 q - a potion of flight {unknown}
 r - 2 potions of agility {unknown}
Comestibles
 c - 9 rations
 m - a chunk of flesh


   Skills:
 + Level 5.0 Fighting
 * Level 4.4 Maces & Flails
 + Level 3.3 Dodging
 + Level 0.2 Stealth


You had 4 spell levels left.
You didn't know any spells.

Dungeon Overview and Level Annotations

Branches:
Dungeon (4/15)
 Temple: D:4-7

Altars:
Qazlal
Xom


Innate Abilities, Weirdness & Mutations

You are too large for most types of armour.
You have tough skin. (AC +1)


Message History

* * * LOW HITPOINT WARNING * * *
The hound bites you.
* * * LOW HITPOINT WARNING * * *
A red film seems to cover your vision as you go berserk!
You feel yourself moving faster!
You feel mighty!
You are feeling very hungry.
The hound barely misses you. The quokka closely misses you.
The hound completely misses you. The quokka bites you.
* * * LOW HITPOINT WARNING * * *
You closely miss the quokka. The hound closely misses you.
You barely miss the quokka. The quokka barely misses you.
The hound closely misses you.
The quokka bites you but does no damage.
You closely miss the quokka. The hound closely misses you. The hound bites you.
* * * LOW HITPOINT WARNING * * *
You sock the quokka!
You kill the quokka!
Trog accepts your kill. The hound bites you.
You die...

. #. .# #. #.#
.## #.. ..##..
#.#.. #.#.#
##.#@# #..h.#
#...#.###
#...#...##
#..####..#
.... ##.#
####.####..# .
#......####...
#.##........?.


You could see a hound.

Vanquished Creatures
  A worker ant (D:4)
  Robin (D:2)
  5 adders
  2 oozes
  4 worms
  A dart slug (D:1)
  2 leopard geckos
  3 bats
  3 giant cockroaches
  16 goblins
  A hobgoblin (D:2)
  5 jackals
  3 quokkas (D:4)
  2 frilled lizards
  2 kobolds (D:2)
  5 rats
56 creatures vanquished.

Notes
Turn   | Place    | Note
-------+----------+-------------------------------------------
     0 | D:1      | Spoonicorn the Ogre Berserker began the quest for the Orb.
     0 | D:1      | Reached XP level 1. HP: 24/24 MP: 1/1
    49 | D:1      | Reached XP level 2. HP: 17/32 MP: 2/2
   662 | D:2      | Reached XP level 3. HP: 30/40 MP: 3/3
   685 | D:2      | Noticed Robin
   699 | D:2      | Killed Robin
   707 | D:2      | Reached ** piety under Trog
   717 | D:2      | Reached XP level 4. HP: 13/49 MP: 4/4
  1117 | D:2      | Found a shimmering altar of Xom.
  1689 | D:3      | Found a stormy altar of Qazlal.
  1700 | D:3      | Reached XP level 5. HP: 28/55 MP: 5/5
  1948 | D:3      | Reached skill level 5 in Fighting
  2274 | D:4      | Noticed an ogre
  2301 | D:4      | HP: 4/85 [quokka (2)]
  2305 | D:4      | Slain by a hound

Skill      XL: |  1  2  3  4  5 |
---------------+----------------+-----
Maces & Flails | 3 4 |  4.4
Dodging        | 3 |  3.3
Fighting       | 5 |  5.0
Stealth        | |  0.2

Action                   |  1- 3 |  4- 6 || total
-------------------------+-------+-------++-------
Melee: Mace              |    75 |   125 ||   200
Invok: Berserk           |     2 |     2 ||     4
  Use: Potion            |     1 |     1 ||     2
       Scroll            |       |     6 ||     6
  Eat: Chunk             |       |     7 ||     7
Armor: Animal skin       |    28 |    35 ||    63
Dodge: Dodged            |    44 |   102 ||   146
